 Dungeon Crawl Stone Soup version 0.28-a0-819-g6ef7baa362 (webtiles) character file.

Game seed: 1662893593715924185

28 croobank the Vexing (level 2, 0/11 HPs)
             Began as a Felid Enchanter on Nov 9, 2021.
             Slain by a worm (10 damage)
             ... on level 2 of the Dungeon.
             The game lasted 00:07:34 (1697 turns).

croobank the Vexing (Felid Enchanter)               Turns: 1697, Time: 00:07:34

Health: 0/11       AC:  1    Str:  4    XL:     2   Next: 96%
Magic:  6/6        EV: 17    Int: 16    God:
Gold:   27         SH:  0    Dex: 16    Spells: 3/5 levels left
                                        Lives:  0   Deaths: 0

rFire   x . .      SeeInvis +     - Unarmed
rCold   + . .      Faith    .   (shield unavailable)
rNeg    . . .      Spirit   .   (armour unavailable)
rPois   .          Reflect  .   (helmet unavailable)
rElec   .          Harm     .   (cloak unavailable)
rCorr   .          Rampage  .   (gloves unavailable)
Will    .....                   (boots unavailable)
Stlth   +++.......              (no amulet)
HPRegen 0.03/turn               f - ring of ice
MPRegen 0.10/turn               (no ring)

@: quick
A: very small, claws 1, fangs 3, see invisible, speed 1, shaggy fur 1, stealthy
paws, no weapons or thrown items, no armour, multi-lived
a: no special abilities


You were on level 2 of the Dungeon.
You visited 1 branch of the dungeon, and saw 2 of its levels.

You collected 27 gold pieces.

Inventory:

Jewellery
 f - a ring of ice (left paw)
Scrolls
 b - a scroll of identify
 c - 3 scrolls of enchant armour
 d - 2 scrolls of fear
 e - a scroll of teleportation
Potions
 a - a potion of invisibility


   Skills:
 + Level 2.9 Dodging
 + Level 4.4 Stealth
 + Level 1.2 Unarmed Combat
 + Level 2.2 Spellcasting
 + Level 5.1 Hexes


You had 3 spell levels left.
You knew the following spells:

 Your Spells              Type           Power      Damage    Failure   Level
a - Ensorcelled Hibernat  Hex/Ice        30%        N/A       11%         2

Your spell library contained the following spells:

 Spells                   Type           Power      Damage    Failure   Level
 Confusing Touch          Hex            18%        N/A       8%          3
 Tukima's Dance           Hex            18%        N/A       8%          3
 Dazzling Flash           Conj/Hex       20%        N/A       22%         3
 Yara's Violent Unravell  Hex/Tmut       5%         3d4       89%         5
 Passage of Golubria      Tloc           1%         N/A       90%         4


Dungeon Overview and Level Annotations

Branches:
Dungeon (2/15)

Altars:

Shops:
D:1 *


Innate Abilities, Weirdness & Mutations

You have sharp claws.
You have razor-sharp teeth.
You have supernaturally acute eyesight. (SInv)
You cover ground quickly. (Speed+)
You are covered in fur. (AC +1)
Your paws help you pounce on unaware monsters.
You are incapable of wielding weapons or throwing items.
You cannot wear armour.
You gain extra lives every three experience levels.


Message History

The endoplasm quivers.
You scratch the endoplasm. Your bite misses the endoplasm.
The endoplasm is severely wounded.
The endoplasm completely misses you.
You scratch the endoplasm but do no damage.
The endoplasm is severely wounded.
The endoplasm freezes you.
You are frozen.
You resist.
You scratch the endoplasm.
The endoplasm is severely wounded.
The endoplasm freezes you.
You are frozen.
You resist.
You scratch the endoplasm but do no damage.
The endoplasm is severely wounded.
The endoplasm freezes you.
You are frozen.
You resist.
You scratch the endoplasm.
The endoplasm is almost dead.
The endoplasm freezes you.
You are frozen.
You resist.
You scratch the endoplasm.
You kill the endoplasm!
You start resting.
HP restored.
Found 12 sling bullets.
You see here 12 sling bullets.
A worm comes into view.
The worm misses you.
You barely miss the worm. You scratch the worm but do no damage.
The worm closely misses you.
You scratch the worm.
The worm is moderately wounded.
The worm bites you.
You scratch the worm but do no damage. You bite the worm, but do no damage.
The worm is moderately wounded.
You scratch the worm.
The worm is moderately wounded.
The worm bites you!
Ouch! That really hurt!
You die...

###.......##
#...#######
#.### .#.#
###.#.#
#...#.#
###.###.#
#.....(.#
#@#.#####
#....w#.####
#######....+
######


You could see a worm.

Vanquished Creatures
  4 dart slugs
  2 endoplasms
  4 goblins
  4 kobolds (D:1)
  A ball python (D:1)
  3 bats (D:1)
  3 rats (D:1)
21 creatures vanquished.

Notes
Turn   | Place    | Note
-------+----------+-------------------------------------------
     0 | D:1      | croobank the Felid Enchanter began the quest for the Orb.
     0 | D:1      | Reached XP level 1. HP: 7/7 MP: 4/4
   338 | D:1      | Reached XP level 2. HP: 9/11 MP: 6/6
   458 | D:1      | Found Jarie's General Store.
   615 | D:1      | Learned a level 2 spell: Ensorcelled Hibernation
   953 | D:1      | Reached skill level 5 in Hexes
  1697 | D:2      | Slain by a worm

Illustrated notes

Levels and vault maps discovered:
D:1:      dpeg_cavernosity, layout_rooms, serial_aquarium,
          aquarium_bridge_square [aquarium_subvault_bridge,
          aquarium_subvault_balcony, aquarium_subvault_bridge,
          aquarium_subvault_bridge], aquarium_window_2,
          aquarium_window_corridor_1, aquarium_window_1, aquarium_view_4,
          aquarium_pool_2, serial_shops, nicolae_shop_stone
D:2:      layout_basic, shapermc_ecumenical_altar_petra, uniq_robin

Skill      XL: |  1  2 |
---------------+-------+-----
Hexes          | 5 |  5.1
Dodging        | |  2.9
Stealth        | |  4.4
Unarmed Combat | |  1.2
Spellcasting   | |  2.2

Action                   || total
-------------------------++-------
Melee: Unarmed           ||    61
       Bite              ||     2
 Cast: Ensorcelled Hiber ||     1
  Use: Scroll            ||     3
 Stab: Sleeping          ||    10
Armor: Skin              ||     3
Dodge: Dodged            ||    36

Table legend: (Time is in decaauts)
 A = Elapsed time spent in this place.
 B = Non-inter-level travel time spent in this place.
 C = Inter-level travel time spent in this place.
 D = Time resting spent in this place.
 E = Time spent auto-exploring this place.
 F = Levels seen in this place.
 G = Mean time per level.
                   A        B        C        D        E       F      G
               +--------+--------+--------+--------+--------+-----+--------+
         Total |   1536 |   1481 |     55 |    552 |    661 |   2 |  768.0 |
       Dungeon |   1536 |   1481 |     55 |    552 |    661 |   2 |  768.0 |
               +--------+--------+--------+--------+--------+-----+--------+

Top non-repeatable levels by time:
     D:1: 984 daAuts
     D:2: 552 daAuts
